 Dungeon Crawl Stone Soup version 0.27.1-3-gb3d3a73c9e (webtiles) character file.

Game seed: 6948180113073786669

806 theology the Cleaver (level 7, -26/85 HPs)
             Began as a Black Draconian Berserker on Oct 13, 2021.
             Was a Believer of Trog.
             Annihilated by an ogre (28 damage)
             ... on level 5 of the Dungeon.
             The game lasted 00:05:54 (4231 turns).

theology the Cleaver (Black Draconian Berserker)    Turns: 4231, Time: 00:05:54

Health: -26/85     AC:  7    Str: 21    XL:     7   Next: 60%
Magic:  7/7        EV: 12    Int:  7    God:    Trog [**....]
Gold:   228        SH:  0    Dex: 11    Spells: 6/6 levels left

rFire    . . .     SeeInvis .   a - +0 hand axe
rCold    . . .     Faith    .   (no shield)
rNeg     . . .     Spirit   .   (armour unavailable)
rPois    .         Reflect  .   (helmet restricted)
rElec    +         Harm     .   o - +0 cloak
rCorr    .         Rampage  .   (no gloves)
Will     .....                  (no boots)
Stlth    ..........             (no amulet)
HPRegen  0.24/turn              (no ring)
MPRegen  0.10/turn              (no ring)

@: berserking, short of breath, very quick
A: breathe lightning, AC +6, unfitting armour, electricity resistance,
cold-blooded
a: Breathe Lightning, Renounce Religion, Berserk, Trog's Hand


You were on level 5 of the Dungeon.
You worshipped Trog.
Trog was pleased with you.
You visited 1 branch of the dungeon, and saw 5 of its levels.

You collected 228 gold pieces.

Inventory:

Hand Weapons
 a - a +0 hand axe (weapon)
 l - a +0 flail of protection
Missiles
 j - 6 javelins
 n - 20 poisoned darts
Armour
 c - a +0 kite shield
 o - a +0 cloak (worn)
Wands
 i - a wand of iceblast (12)
Scrolls
 b - a scroll of magic mapping
 d - a scroll of silence
 e - a scroll of immolation
 f - a scroll of identify
 h - 3 scrolls of teleportation
 p - a scroll of fear
 q - a scroll of holy word
Potions
 g - a potion of attraction
 k - a potion of curing
 m - a potion of lignification


   Skills:
 - Level 3.2 Fighting
 + Level 9.1 Axes
 - Level 2.6 Dodging


You had 6 spell levels left.
You didn't know any spells.
Your spell library contained the following spells:

 Spells                   Type           Power      Damage    Failure   Level
 Ozocubu's Armour         Ice            0%         N/A       80%         3
 Metabolic Englaciation   Hex/Ice        0%         N/A       100%        5
 Simulacrum               Ice/Necr       0%         N/A       100%        6


Dungeon Overview and Level Annotations

Branches:
Dungeon (5/15)             Temple (0/1) D:5

Altars:
Hepliaklqana
Kikubaaqudgha
Trog


Innate Abilities, Weirdness & Mutations

You can breathe wild blasts of lightning.
Your glossy black scales are hard. (AC +6)
You cannot fit into any form of body armour.
You are resistant to electric shocks. (rElec)
You are cold-blooded and may be slowed by cold attacks.


Message History

The ogre is moderately wounded.
The orb of electricity explodes! x2
You hear a shout! x2
The ogre hits you with a +0 giant club!!
Unknown command.
Unknown command.
Unknown command.
You hit the ogre.
The ogre is heavily wounded.
The ogre closely misses you.
Unknown command.
You hit the ogre.
The ogre is heavily wounded.
Unknown command.
You barely miss the ogre.
The ogre is heavily wounded.
The ogre barely misses you.
Unknown command.
You slash the ogre!
The ogre is almost dead.
Unknown command.
Unknown command.
You hit the ogre.
The ogre is almost dead.
The ogre hits you with a +0 giant club!
* * * LOW HITPOINT WARNING * * *
Unknown command.
Unknown command.
You are too injured to fight recklessly!
Unknown command.
You barely miss the ogre.
The ogre is almost dead.
The ogre hits you with a +0 giant club!
* * * LOW HITPOINT WARNING * * *
Unknown command.
Okay, then.
A red film seems to cover your vision as you go berserk!
You feel yourself moving faster!
You feel mighty!
The ogre hits you with a +0 giant club!!
You die...

#.#.....#........
#.#######......#.
####.#######.....#.#
...........#....#.#.
###.............#.>
#.......#....#.#.
#.......#.....#.# #
#####.......#......#. ...##
#..O@.......#........
.≈....##.###.......#........
≈...≈..................#####
P≈≈≈≈≈...≈..≈≈.≈≈..≈≈..#
≈≈≈≈P≈P≈PP≈≈P≈≈P≈≈≈≈####
≈≈≈≈≈≈≈≈≈≈≈≈≈≈≈≈P≈≈≈≈
≈≈≈≈≈≈≈≈≈≈P≈≈≈≈≈≈≈≈≈≈
P≈P≈.≈≈.≈≈.PP≈P≈≈≈≈≈
..≈P≈.....≈≈≈≈≈...≈#


You could see an ogre.

Vanquished Creatures
  Grinder (D:4)
  An ogre (D:4)
  A phantom (D:4)
  2 scorpions (D:4)
  Crazy Yiuf (D:4)
  3 hounds
  Natasha (thrice) (D:4)
  An orc wizard (D:4)
  A hound skeleton (D:4)
  An adder (D:3)
  An ufetubus (D:4)
  A worm (D:2)
  2 dart slugs
  14 orcs
  6 endoplasms
  3 giant cockroaches
  7 goblins
  7 hobgoblins
  2 quokkas
  12 ball pythons
  2 bats
  5 frilled lizards
  4 kobolds
  2 rats
83 creatures vanquished.

Vanquished Creatures (others)
  17 plants (D:3)
17 creatures vanquished.

Grand Total: 100 creatures vanquished

Notes
Turn   | Place    | Note
-------+----------+-------------------------------------------
     0 | D:1      | theology the Draconian Berserker began the quest for the
                  | Orb.
     0 | D:1      | Reached XP level 1. HP: 19/19 MP: 1/1
   380 | D:1      | Reached XP level 2. HP: 26/26 MP: 2/2
   434 | D:1      | Found a faded altar of an unknown god.
   705 | D:1      | Found an ancient bone altar of Kikubaaqudgha.
   811 | D:2      | Reached skill level 4 in Axes
  1087 | D:2      | Reached XP level 3. HP: 31/31 MP: 3/3
  1375 | D:3      | Reached ** piety under Trog
  2362 | D:3      | Reached XP level 4. HP: 29/37 MP: 4/4
  2619 | D:4      | Noticed a phantom
  2623 | D:4      | Noticed a scorpion
  2626 | D:4      | Reached skill level 5 in Axes
  2631 | D:4      | Noticed Grinder
  2637 | D:4      | Killed a scorpion
  2638 | D:4      | Reached XP level 5. HP: 19/45 MP: 5/5
  2638 | D:4      | Killed a phantom
  2639 | D:4      | Reached skill level 6 in Axes
  2672 | D:4      | Killed Grinder
  2673 | D:4      | Reached skill level 7 in Axes
  2673 | D:4      | Reached XP level 6. HP: 27/51 MP: 6/6
  3031 | D:4      | Found a runed translucent door.
  3032 | D:4      | Noticed Crazy Yiuf
  3100 | D:4      | Found a bloodstained altar of Trog.
  3101 | D:4      | Found a hazy altar of Hepliaklqana.
  3145 | D:4      | Reached skill level 8 in Axes
  3145 | D:4      | Your scales start taking on a glossy black colour.
  3145 | D:4      | Reached XP level 7. HP: 57/57 MP: 7/7
  3145 | D:4      | Gained mutation: You are resistant to electric shocks.
                  | (rElec) [Black Draconian growth]
  3169 | D:4      | Noticed Natasha
  3180 | D:4      | Killed Natasha
  3434 | D:4      | Noticed Natasha
  3446 | D:4      | Killed Natasha
  3519 | D:4      | Noticed Natasha
  3538 | D:4      | Killed Natasha
  3694 | D:4      | Killed Crazy Yiuf
  3758 | D:5      | Entered Level 5 of the Dungeon
  3775 | D:4      | Reached skill level 9 in Axes
  4185 | D:5      | Found a staircase to the Ecumenical Temple.
  4230 | D:5      | HP: 1/57 [ogre (13)]
  4231 | D:5      | Annihilated by an ogre

Illustrated notes

Levels and vault maps discovered:
D:1:      dpeg_arrival_water_altar, layout_rooms,
          hellmonk_ecumenical_altar_blasted
D:2:      layout_rooms, chequers_mini_garden, hex_medium, columned_hall_lemuel
D:3:      layout_loops_ring, wad_woods_river_04
D:4:      layout_cave_pools, mainiacjoe_overflow_divided_tiny, uniq_grinder,
          uniq_crazy_yiuf_cottage, uniq_natasha
D:5:      layout_basic, tso_altar, mainiacjoe_overflow_catch_the_wave,
          minmay_temple_entry_grid, serial_shops, shop, chequers_big_river,
          chequers_arboretum

Skill      XL: |  1  2  3  4  5  6  7 |
---------------+----------------------+-----
Axes           | 4 5 7 8 9 |  9.1
Fighting       | |  3.2
Dodging        | |  2.6

Action                   |  1- 3 |  4- 6 |  7- 9 || total
-------------------------+-------+-------+-------++-------
Melee: Hand axe          |   127 |    80 |    80 ||   287
       Tailslap          |    13 |     8 |    10 ||    31
Throw: Javelin           |       |     6 |       ||     6
Invok: Berserk           |       |     2 |     2 ||     4
       Trog's Hand       |       |     1 |       ||     1
 Abil: Breathe Lightning |       |       |     6 ||     6
  Use: Scroll            |     1 |       |     6 ||     7
       Potion            |       |     2 |       ||     2
 Stab: Sleeping          |       |     1 |       ||     1
Armor: Skin              |    37 |    55 |    18 ||   110
Dodge: Dodged            |    66 |    40 |    55 ||   161
